 Dungeon Crawl Stone Soup version 0.31.0-12-g77e489cdc1 (webtiles) character file.

Game seed: 13429850266703600277

16200 watcher the Cleaver (level 12, -8/113 HPs)
             Began as a Hill Orc Monk on Feb 20, 2024.
             Was a High Priest of Beogh.
             Mangled by a skeletal warrior
             ... wielding a +0 mace of protection
              (15 damage)
             ... on level 14 of the Dungeon.
             The game lasted 00:22:30 (14677 turns).

watcher the Cleaver (Hill Orc Monk)                Turns: 14677, Time: 00:22:31

Health: -8/113     AC: 18    Str: 31    XL:     12   Next: 35%
Magic:  14/15      EV: 12    Int: 10    God:    Beogh [*****.]
Gold:   913        SH:  0    Dex: 13    Spells: 11/11 levels left

rFire   + . .        v - +5 flail (heavy)
rCold   . . .        d - orb {light}
rNeg    . . .        w - +7 chain mail {rF+}
rPois   .            (no helmet)
rElec   .            s - +0 cloak
rCorr   .            R - +1 pair of gloves
SInv    .            (no boots)
Will    .....        m - amulet of the acrobat Stlth
                     n - +6 ring of strength
HPRegen 0.38/turn    c - +6 ring of strength
MPRegen 0.14/turn

%: acrobat
@: glowing
A: walk on water
a: Renounce Religion, Smiting, Recall Orcish Followers, Give Item to Named
Follower


You were on level 14 of the Dungeon.
You worshipped Beogh.
Beogh was extremely pleased with you.
You visited 1 branch of the dungeon, and saw 14 of its levels.

You collected 913 gold pieces.

Inventory:

Hand Weapons
 a - a +0 heavy hand axe
 i - a +0 war axe
 v - a +5 heavy flail (weapon)
 y - a +1 hand axe of freezing
 B - a +4 quarterstaff of chaos
 C - a +2 long sword of flaming
 I - the +8 falchion of Fragile Peace {flame, Fly rC+}
   (You found it on level 8 of the Dungeon)

   rC+:       It protects you from cold.
   Fly:       It grants you flight.
 V - a +0 rapier
Missiles
 Y - a throwing net
Armour
 d - an orb of light (worn)
 q - a +0 chain mail
 s - a +0 cloak (worn)
 w - a +7 chain mail of fire resistance (worn)
 x - a +0 pair of gloves
 D - +0 swamp dragon scales
 P - the +0 robe of Dibbij {rPois rC- Will++ Int+3}
   (You took it off an orc on level 9 of the Dungeon)

   Int+3:     It affects your intelligence (+3).
   rC-:       It makes you vulnerable to cold.
   rPois:     It protects you from poison Will++: It greatly increases your
   willpower.
 R - a +1 pair of gloves (worn)
Jewellery
 c - a +6 ring of strength (right hand)
 m - an amulet of the acrobat (around neck)
 n - a +6 ring of strength (left hand)
 N - a ring of poison resistance
 O - an amulet of guardian spirit
 S - a ring of willpower
 T - a ring of flight
 X - an amulet of magic regeneration
Wands
 g - a wand of iceblast (21)
 p - a wand of flame (30) (quivered)
 F - a wand of quicksilver (5)
 L - a wand of digging (8)
 U - a wand of polymorph (8)
Scrolls
 b - a scroll of noise
 e - 4 scrolls of immolation
 l - 3 scrolls of poison
 r - 5 scrolls of identify
 u - 2 scrolls of teleportation
 G - a scroll of butterflies
 H - a scroll of torment
 K - 2 scrolls of vulnerability
 M - a scroll of fear
 W - 2 scrolls of blinking {unknown}
 Z - a scroll of amnesia {unknown}
Potions
 f - a potion of degeneration
 h - 2 potions of invisibility
 j - a potion of enlightenment {unknown}
 k - 3 potions of brilliance
 o - 4 potions of lignification
 t - 2 potions of berserk rage
 z - 3 potions of curing
 A - 2 potions of mutation {unknown}
 E - 2 potions of haste {unknown}
 J - 2 potions of attraction {unknown}


   Skills:
 + Level 12.8 Fighting
 - Level 13.5(15.1) Axes
 + Level 9.2(11.7) Maces & Flails
 + Level 9.1 Dodging
 * Level 4.4 Invocations


You had 11 spell levels left.
You didn't know any spells.
Your spell library contained the following spells:

 Spells                   Type           Power      Damage    Failure   Level
 Magic Dart               Conj           0%         1d3       86%         1
 Slow                     Hex            0%         N/A       86%         1
 Sting                    Conj/Alch      0%         1d3       86%         1
 Blink                    Tloc           0%         N/A       94%         2
 Call Imp                 Summ           0%         N/A       94%         2
 Mercury Vapours          Alch/Air       0%         N/A       94%         2
 Confusing Touch          Hex            0%         N/A       99%         3
 Sigil of Binding         Hex            0%         N/A       99%         3
 Stone Arrow              Conj/Erth      0%         3d7       99%         3
 Vampiric Draining        Necr           0%         2d6       99%         3
 Animate Armour           Summ/Erth      0%         N/A       100%        4
 Olgreb's Toxic Radiance  Alch           0%         N/A       100%        4
 Lehudib's Crystal Spear  Conj/Erth      0%         10d2      100%        8


Dungeon Overview and Level Annotations

Branches:
Dungeon (15/15)            Temple (0/1) D:7            Lair (0/5) D:11
    Orc (0/2) D:11
 Vaults: D:13-14     Depths: D:15

Altars:
Ashenzari
Dithmenos
Elyvilon
Fedhas
Gozag
Makhleb
Okawaru
Ru
Sif Muna
Vehumet

Shops:
D:1 !:!   D:3 [:([

Portals:
Trove: D:12 (give +3 storm dragon scales)


Message History

g - Guard the area. f - Follow me.
Anything else - Cancel.
Gang up on whom?
Press: ? - help, Dir - move target, f - skeletal warrior
Aim: a skeletal warrior, wielding a +0 mace of protection (haloed)
Okay, then.
You swap places.
Something closely misses the skeletal warrior.
The skeletal warrior closely misses your orc warrior.
Something hits the skeletal warrior!
Something hits the skeletal warrior but does no damage.
What are your orders? t - Shout!
Orders for allies: a - Attack new target. r - Retreat! s - Stop attacking. g - Guard the area. f - Follow me.
Anything else - Cancel.
Gang up on whom?
Press: ? - help, Dir - move target, f - skeletal warrior
Aim: a skeletal warrior, wielding a +0 mace of protection (lightly damaged, haloed) Attack!
The skeletal warrior hits your orc warrior with a +0 mace of protection!
The skeletal warrior resists with almost no effort.
Your orc warrior hits the skeletal warrior but does no damage.
Something closely misses the skeletal warrior.
You swap places.
Your sixfirhy hits the skeletal warrior but does no damage.
The skeletal warrior hits you but does no damage.
Something hits the skeletal warrior!
Your orc sorcerer points at the skeletal warrior and mumbles some strange words.
The skeletal warrior resists with almost no effort.
Your sixfirhy barely misses the skeletal warrior.
Unknown command.
You hit the skeletal warrior.
The skeletal warrior is moderately damaged.
Your sixfirhy hits the skeletal warrior but does no damage. x2
Your sixfirhy barely misses the skeletal warrior.
Your sixfirhy hits the skeletal warrior but does no damage.
The skeletal warrior hits you with a +0 mace of protection!
You die...

#.......#...>...#.......
#...............#.....##
#..##.............#..
##. ###...#.#........
#.###.#........ ##
#..o......# ##...o.....#
##..##z....##
#....@3....#
#....o..##....
#........# #..
#......#.... .
#......#......
###.#..#...##..
#####..$.# # .....


You could see a skeletal warrior (ally target), a friendly sixfirhy (summoned),
a friendly orc sorcerer and a friendly orc warrior.

Vanquished Creatures
  A skeletal warrior (D:15)
  A manticore (D:11)
  An ugly thing (D:9)
  Joseph (D:6)
  Maggie (D:7)
  3 gargoyles
  An unseen horror (D:11)
  A komodo dragon (D:12)
  A yaktaur (D:11)
  4 trolls (D:11)
  Grinder (D:5)
  Prince Ribbit (D:8)
  2 wyverns
  2 vampires
  16 yaks
  2 steam dragons
  4 vampire mosquitoes
  Edmund (D:5)
  An acid dragon (D:10)
  3 water moccasins
  3 sky beasts
  2 black bears
  2 ice beasts
  An orc warrior (D:12)
  An ogre (D:7)
  4 centaurs
  2 wolves (D:11)
  2 phantoms
  2 kobold brigands
  5 bullfrogs
  2 gnoll sergeants
  5 scorpions
  13 killer bees
  7 howler monkeys
  4 electric eels (D:11)
  A bombardier beetle (D:5)
  9 hounds
  A jelly (D:5)
  Crazy Yiuf (D:6)
  3 orc priests
  A sleepcap (D:7)
  Ijyb (D:3)
  2 iguanas
  9 orc wizards
  7 gnolls
  4 adders
  A shadow imp (D:5)
  2 white imps (D:5)
  4 ufetubi
  2 dart slugs
  2 ribbon worms
  18 orcs
  11 ball pythons
  10 endoplasms
  4 giant cockroaches
  7 goblins
  6 hobgoblins
  6 jackals
  A quokka (D:1)
  2 bats
  5 frilled lizards
  12 kobolds
  5 rats
240 creatures vanquished.

Vanquished Creatures (collateral kills)
  A two-headed ogre (D:11)
  2 skeletal warriors
  A deep elf pyromancer (D:11)
  A manticore (D:12)
  A cyclops (D:15)
  2 efreet (D:14)
  A vampire (D:12)
  4 yaks
  A wyvern (D:10)
  2 vampire mosquitoes (D:12)
  An orc warrior (D:12)
  2 sky beasts (D:7)
  An ogre (D:7)
  A centaur (D:10)
  A howler monkey (D:11)
  An electric eel (D:11)
  An orc priest (D:12)
  2 orc wizards
  5 orcs
  A kobold (D:9)
  2 goblins (D:7)
34 creatures vanquished.

Vanquished Creatures (others)
  An orc knight (D:12)
  4 orc warriors
  2 orc priests
  2 orc wizards
  A hound (D:11)
  11 orcs
21 creatures vanquished.

Grand Total: 295 creatures vanquished

Notes
Turn   | Place    | Note
-------+----------+-------------------------------------------
     0 | D:1      | watcher the Hill Orc Monk began the quest for the Orb.
     0 | D:1      | Reached XP level 1. HP: 19/19 MP: 1/1
    88 | D:1      | Found Laagg's Distillery.
   200 | D:1      | Reached XP level 2. HP: 27/27 MP: 2/2
   203 | D:1      | Found Cuaten's Book Shoppe.
   254 | D:1      | Found Waffein's Distillery.
   630 | D:1      | Reached XP level 3. HP: 33/33 MP: 3/3
  1241 | D:2      | Reached XP level 4. HP: 41/41 MP: 4/4
  1422 | D:3      | Found Inanly's Antique Weapon Emporium.
  1445 | D:3      | Found a white marble altar of Elyvilon.
  1448 | D:3      | Found a burning altar of Makhleb.
  1615 | D:3      | Found Layg's Book Boutique.
  1633 | D:3      | Reached skill level 5 in Axes
  1646 | D:3      | Found Asukez's Antique Armour Emporium.
  1717 | D:3      | Noticed Ijyb
  1725 | D:3      | Killed Ijyb
  1821 | D:3      | Found Nerocack's Assorted Antiques.
  1864 | D:3      | Found a shadowy altar of Dithmenos.
  1902 | D:3      | Found Vorhapet's Antique Armour Boutique.
  2032 | D:3      | Found a blossoming altar of Fedhas.
  2038 | D:3      | Reached XP level 5. HP: 31/47 MP: 5/5
  2324 | D:4      | Reached skill level 5 in Fighting
  2428 | D:4      | Found a broken altar of Ashenzari.
  2683 | D:4      | Reached XP level 6. HP: 12/56 MP: 6/6
  2969 | D:4      | Became a worshipper of Beogh the Brigand
  2969 | D:4      | Reached * piety under Beogh
  2969 | D:4      | Reached ** piety under Beogh
  2972 | D:4      | Reached skill level 6 in Axes
  3390 | D:5      | Entered Level 5 of the Dungeon
  3670 | D:5      | Noticed Edmund
  3680 | D:5      | HP: 2/57 [Edmund/+4 heavy flail (6)]
  3684 | D:5      | Found an iron altar of Okawaru.
  4160 | D:5      | Reached XP level 7. HP: 41/63 MP: 7/7
  4343 | D:5      | Noticed Grinder
  4345 | D:5      | Paralysed by Grinder for 4 turns
  4354 | D:5      | Paralysed by Grinder for 5 turns
  4363 | D:5      | Paralysed by Grinder for 2 turns
  4367 | D:5      | Killed Grinder
  4368 | D:5      | Reached skill level 7 in Axes
  4582 | D:5      | Noticed a steam dragon
  4776 | D:5      | Reached XP level 8. HP: 71/73 MP: 8/8
  5025 | D:5      | Found a shimmering blue altar of Sif Muna.
  5089 | D:5      | Reached skill level 8 in Axes
  5089 | D:5      | Reached skill level 5 in Dodging
  5392 | D:5      | Killed Edmund
  5617 | D:5      | Found a sacrificial altar of Ru.
  5887 | D:6      | Reached skill level 9 in Axes
  5887 | D:6      | Reached skill level 1 in Maces & Flails
  5907 | D:6      | Reached XP level 9. HP: 82/82 MP: 9/9
  6562 | D:6      | Found a runed translucent door.
  6563 | D:6      | Noticed Crazy Yiuf
  6686 | D:6      | Killed Crazy Yiuf
  6686 | D:6      | Reached *** piety under Beogh
  6726 | D:7      | Noticed Joseph
  6748 | D:6      | Killed Joseph
  6749 | D:6      | Reached skill level 10 in Axes
  7394 | D:7      | Reached XP level 10. HP: 86/92 MP: 10/10
  7499 | D:7      | Reached skill level 5 in Maces & Flails
  7587 | D:7      | Found a radiant altar of Vehumet.
  7609 | D:7      | Noticed Maggie
  7616 | D:7      | Killed Maggie
  7617 | D:7      | Reached skill level 10 in Fighting
  7719 | D:7      | Found a staircase to the Ecumenical Temple.
  7990 | D:8      | Reached skill level 11 in Axes
  8072 | D:8      | Identified the +8 falchion of Fragile Peace {flame, Fly
                  | rC+}
  8162 | D:8      | Noticed Prince Ribbit
  8171 | D:8      | Killed Prince Ribbit
  8527 | D:8      | Noticed a gargoyle
  8533 | D:8      | Killed a gargoyle
  8644 | D:8      | Reached **** piety under Beogh
  9270 | D:9      | Reached skill level 12 in Axes
  9273 | D:9      | Reached XP level 11. HP: 73/102 MP: 11/11
  9375 | D:9      | Noticed a white ugly thing
  9834 | D:9      | Killed a white ugly thing
 10501 | D:9      | Identified the +0 robe of Dibbij {rPois rC- Will++ Int+3}
 10962 | D:10     | Entered Level 10 of the Dungeon
 10998 | D:10     | Found an opulent altar of Gozag.
 11066 | D:10     | Gained Bogmar as an ally
 11121 | D:10     | Gained Warbeogh as an ally
 12400 | D:11     | Noticed a manticore
 12413 | D:11     | Killed a manticore
 12428 | D:11     | Your ally Warbeogh died
 12432 | D:11     | Noticed a two-headed ogre
 12436 | D:11     | Killed a two-headed ogre
 12437 | D:11     | Reached skill level 13 in Axes
 12463 | D:11     | Killed a deep elf pyromancer
 12880 | D:11     | Found a staircase to the Lair.
 13648 | D:11     | Reached XP level 12. HP: 108/113 MP: 12/12
 13796 | D:11     | Found a staircase to the Orcish Mines.
 14094 | D:12     | Reached skill level 1 in Invocations
 14135 | D:12     | Your ally Bogmar died
 14297 | D:12     | Found a portal to a secret trove of treasure.
 14496 | D:12     | You fall into a shaft and drop 3 floors!
 14496 | D:15     | Entered Level 15 of the Dungeon
 14520 | D:14     | Noticed a fire dragon
 14635 | D:14     | Reached ***** piety under Beogh
 14670 | D:14     | HP: 4/113 [skeletal warrior/+0 mace of protection (12)]
 14677 | D:14     | Mangled by a skeletal warrior

Illustrated notes

Levels and vault maps discovered:
D:1:      dpeg_arrival_prison, layout_loops_ring, serial_shops,
          nicolae_book_shop_shelving, shop, shop
D:2:      layout_loops_ring, nicolae_figureground_sparkle
D:3:      minmay_general_purpose_star, layout_basic, fedhas_altar_fruit_tree,
          mainiacjoe_overflow_alcove_2, nicolae_overflow_squiral, serial_shops,
          nicolae_shop_tiny_statue_garden, nicolae_lakefront_shop,
          nicolae_shop_waterfront, nicolae_shop_real_fake_doors, shop, uniq_ijyb
D:4:      layout_basic, kennysheep_little_box
D:5:      minmay_chambers_of_fours, layout_basic, mainiacjoe_overflow_alcove_1,
          nicolae_overflow_crystal_walls, tgw_sif, grunt_decor_one_mirror,
          uniq_grinder, uniq_edmund
D:6:      layout_cave_pools, uniq_crazy_yiuf_cottage
D:7:      layout_loops_ring, mainiacjoe_overflow_boulevard,
          minmay_temple_entry_steel_oval, enter_bailey_5,
          roderic_nine_men_s_morris, uniq_joseph, uniq_maggie
D:8:      layout_gridville, eino_jars, uniq_prince_ribbit1
D:9:      layout_basic
D:10:     layout_roguey, nicolae_gozag_cash_rules_everything_around_me
D:11:     hangedman_cross_stitches, layout_basic, erik_lair_island
D:12:     layout_long_grid, special_room [special_room_orc],
          nicolae_trove_entry_free_sample
D:14:     layout_cave_pools, david_vaults_5
D:15:     hellmonk_depths_entry_around_the_bend, layout_cave_pools

Skill      XL: |  1  2  3  4  5  6  7  8  9 10 11 12 |
---------------+-------------------------------------+-----
Fighting       | 4 5 6 7 8 9 11 12 | 12.8
Dodging        | 3 4 5 6 7 8 9 |  9.1
Axes           | 5 6 7 9 10 12 13 | 13.5
Maces & Flails | 2 4 6 8 9 |  9.2
Invocations    | 4 |  4.4

Action                     |  1- 3 |  4- 6 |  7- 9 | 10-12 || total
---------------------------+-------+-------+-------+-------++-------
  Melee: Hand axe          |   101 |    95 |    57 |       ||   253
         Flail             |       |       |    97 |   242 ||   339
 Invoke: Convert to Beogh  |       |     1 |       |       ||     1
         Recall Orcish Fol |       |       |       |    10 ||    10
         Smiting           |       |       |       |     2 ||     2
  Evoke: Wand              |       |       |     5 |     6 ||    11
    Use: Scroll            |     5 |     6 |     3 |    11 ||    25
         Potion            |       |     3 |       |     4 ||     7
   Stab: Sleeping          |     1 |       |       |       ||     1
         Confused          |       |       |       |     1 ||     1
         Paralysed         |       |       |       |     3 ||     3
         Distracted        |       |       |       |     3 ||     3
 Armour: Robe              |    30 |    20 |       |       ||    50
         Chain mail        |       |    82 |   213 |   268 ||   563
  Dodge: Dodged            |    64 |    63 |   169 |   299 ||   595
